 Dungeon Crawl Stone Soup version 0.26.1-11-gd32895ea62 (webtiles) character file.

Game seed: 9525754638556585532

702 promet the Covert (level 7, -3/45 HPs)
             Began as an Octopode Brigand on June 8, 2021.
             Was an Initiate of Dithmenos.
             Slain by an ogre
             ... wielding a +0 giant spiked club
              (21 damage)
             ... on level 8 of the Dungeon.
             The game lasted 00:28:09 (5412 turns).

promet the Covert (Octopode Brigand)                Turns: 5412, Time: 00:28:10

Health: -3/45      AC:  1    Str: 10    XL:     7   Next: 66%
Magic:  7/7        EV: 14    Int: 14    God:    Dithmenos [......]
Gold:   287        SH:  0    Dex: 15    Spells: 6/6 levels left

rFire    . . .     SeeInvis .   a - +2 dagger
rCold    . . .     Faith    .   (no shield)
rNeg     . . .     Spirit   .   (helmet restricted)
rPois    .         Reflect  .   p - amulet of the acrobat
rElec    .         Harm     .   (no ring)
rCorr    .         Rampage  .   (no ring)
Will     .....                  (no ring)
Stlth    +++++.....             (no ring)
HPRegen  0.15/turn              (no ring)
MPRegen  0.10/turn              (no ring)
                                (no ring)
                                (no ring)

@: no status effects
A: almost no armour, stealthy swim, amphibious, 8 rings, constrict 8, camouflage
1, gelatinous body 1
a: Renounce Religion


You were on level 8 of the Dungeon.
You worshipped Dithmenos.
Dithmenos was noncommittal.
You visited 2 branches of the dungeon, and saw 8 of its levels.

You collected 287 gold pieces.

Inventory:

Hand Weapons
 a - a +2 dagger (weapon)
 b - a +0 hunting sling
 t - a +0 mace
 u - a +0 trident
Missiles
 c - 2 curare-tipped darts
 d - 171 stones
 f - 59 arrows
 k - 2 silver javelins
 l - 8 boomerangs
 q - 72 bolts
 s - 9 poisoned darts (quivered)
 v - 17 sling bullets
 w - 6 atropa-tipped darts
 z - 2 throwing nets
Magical Staves
 y - an uncursed staff of poison {unknown}
Jewellery
 p - an amulet of the acrobat (around mantle)
Scrolls
 e - 4 scrolls of identify
 j - 3 scrolls of magic mapping
 n - 2 scrolls of amnesia
 o - a scroll of teleportation
 r - 2 scrolls of enchant armour
Potions
 g - 4 potions of heal wounds
 h - a potion of brilliance
 i - a potion of mutation
 m - a potion of ambrosia
 x - a potion of curing {unknown}
 A - a potion of haste {unknown}


   Skills:
 + Level 2.9 Fighting
 + Level 3.1 Short Blades
 + Level 0.6(2.5) Slings
 + Level 4.0(4.1) Throwing
 + Level 2.1 Dodging
 * Level 10.1 Stealth


You had 6 spell levels left.
You didn't know any spells.
Your spell library was empty.

Dungeon Overview and Level Annotations

Branches:
Dungeon (8/15)             Temple (1/1) D:5
   Lair: D:8-11

Altars:
Dithmenos
Gozag
Hepliaklqana
Makhleb
Nemelex Xobeh
Okawaru
Ru
Sif Muna
Trog
Vehumet
Xom
Yredelemnul
The Shining One

Annotations:
D:3 1 runed translucent door, Crazy Yiuf, Sigmund
D:5 1 runed translucent door, Pikel


Innate Abilities, Weirdness & Mutations

You cannot wear most types of armour.
You are very stealthy in the water. (Stealth+)
You are amphibious.
You can wear up to eight rings at the same time.
You can use your tentacles to constrict eight enemies at once.
Your skin changes colour to match your surroundings (Stealth+).
Your rubbery body absorbs attacks. (AC +1, EV +1)


Message History

The ogre is almost dead.
You hit the ogre.
You kill the ogre!
Dithmenos accepts your kill.
Your Throwing skill increases to level 4!
s - 9 poisoned darts (gained 1)
Things that are here:
a +0 giant club; an ogre corpse You start resting.
HP restored.
Things that are here:
a +0 giant club; an ogre corpse
There is a stone staircase leading down, spattered with blood here.
You climb downwards.
The hound completely misses you.
The ogre hits you with a +0 giant spiked club!!
Ouch! That really hurt!
The hound barely misses you. The hound bites you.
There is a stone staircase leading up, spattered with blood here.
The ogre hits you with a +0 giant spiked club!!
You die...

#.##########
#........@h#.#...
####..O.h......
##..........
#.......###.
#........#
#........#
#.........#
...........#
.....(.......


You could see an ogre and 2 hounds.

Vanquished Creatures
  Menkaure (D:4)
  3 ogres
  A water moccasin zombie (D:5)
  2 centaur skeletons (D:4)
  2 iguanas (D:5)
  A worker ant (D:5)
  3 gnolls (D:5)
  An adder (D:2)
  2 oozes (D:1)
  An adder zombie (D:5)
  An adder skeleton (D:4)
  3 worms
  A dart slug (D:3)
  2 leopard geckos
  8 orcs
  7 bats
  4 giant cockroaches
  10 goblins
  8 hobgoblins
  4 jackals (D:3)
  3 quokkas (D:3)
  2 ball pythons (D:3)
  A frilled lizard (D:1)
  4 kobolds
  6 rats
81 creatures vanquished.

Vanquished Creatures (others)
  A plant (D:5)
1 creature vanquished.

Grand Total: 82 creatures vanquished

Notes
Turn   | Place    | Note
-------+----------+-------------------------------------------
     0 | D:1      | promet the Octopode Brigand began the quest for the Orb.
     0 | D:1      | Reached XP level 1. HP: 14/14 MP: 1/1
   352 | D:1      | Reached XP level 2. HP: 19/19 MP: 2/2
   372 | D:1      | Reached skill level 6 in Stealth
   713 | D:1      | Reached XP level 3. HP: 21/24 MP: 3/3
  1737 | D:2      | Reached skill level 7 in Stealth
  1991 | D:3      | Reached XP level 4. HP: 29/29 MP: 4/4
  2302 | D:3      | You fall into a shaft and drop 1 floor!
  2660 | D:3      | Noticed Sigmund
  3009 | D:3      | Found a runed translucent door.
  3024 | D:3      | Noticed Crazy Yiuf
  3465 | D:4      | Noticed an ogre
  3477 | D:4      | Killed an ogre
  3478 | D:4      | Reached XP level 5. HP: 32/35 MP: 5/5
  3485 | D:4      | Reached skill level 8 in Stealth
  4069 | D:4      | Noticed an ogre
  4084 | D:4      | Killed an ogre
  4085 | D:4      | Reached XP level 6. HP: 41/41 MP: 6/6
  4124 | D:4      | Noticed Menkaure
  4256 | D:4      | Killed Menkaure
  4257 | D:4      | Reached skill level 9 in Stealth
  4257 | D:4      | Reached XP level 7. HP: 45/45 MP: 7/7
  4471 | D:5      | Entered Level 5 of the Dungeon
  4483 | D:5      | Noticed Pikel
  4846 | D:5      | Found a staircase to the Ecumenical Temple.
  5000 | Temple   | Entered the Ecumenical Temple
  5034 | Temple   | Became a worshipper of Dithmenos the Shadowed
  5234 | D:5      | Found a runed translucent gate.
  5242 | D:5      | Reached skill level 10 in Stealth
  5304 | D:5      | You fall into a shaft and drop 3 floors!
  5412 | D:8      | Slain by an ogre

Illustrated notes

Levels and vault maps discovered:
D:1:      dpeg_arrival_pond, layout_basic, minmay_tetromino_s4
D:2:      layout_rooms
D:3:      layout_loops_corners, minmay_stone_trees_small, uniq_sigmund,
          uniq_crazy_yiuf_cottage
D:4:      layout_loops_ring, grunt_decor_mini_mirrors, uniq_menkaure
D:5:      layout_layer_cave, minmay_temple_entry_gardened_gates,
          gammafunk_ghost_split, uniq_pikel
D:7:      layout_basic, old_standard_altar, minivault_25, grunt_qazlal_sundering
D:8:      layout_cave_pools, nicolae_sextant, uniq_harold
Temple:   nicolae_temple_the_god_donut

Skill      XL: |  1  2  3  4  5  6  7 |
---------------+----------------------+-----
Stealth        | 6 7 8 9 10 | 10.1
Throwing       | 3 4 |  4.0
Short Blades   | 3 |  3.1
Dodging        | 2 |  2.1
Fighting       | |  2.9
Slings         | |  0.6

Action                   |  1- 3 |  4- 6 |  7- 9 || total
-------------------------+-------+-------+-------++-------
Melee: Dagger            |    51 |    58 |    41 ||   150
       Constrict         |    14 |    12 |     7 ||    33
       Tentacles         |    11 |    13 |    11 ||    35
 Fire: Hunting sling     |       |       |    10 ||    10
Throw: Dart              |    21 |    22 |    19 ||    62
       Boomerang         |       |       |     4 ||     4
  Use: Scroll            |     5 |     8 |       ||    13
       Potion            |     2 |       |       ||     2
 Stab: Sleeping          |    12 |     6 |       ||    18
       Distracted        |       |     1 |     1 ||     2
Armor: Skin              |     1 |     5 |     1 ||     7
Dodge: Dodged            |    23 |    36 |    27 ||    86
